 Dungeon Crawl Stone Soup version 0.22.0 (webtiles) character file.

117 CyclopB the Cudgeler (level 4, -5/41 HPs)
             Began as a Troll Gladiator on Dec 29, 2018.
             Was an Initiate of Ru.
             Slain by Purgy the killer bee (7 damage)
             ... in a sewer.
             The game lasted 00:10:04 (2279 turns).

CyclopB the Cudgeler (Troll Gladiator)              Turns: 2279, Time: 00:10:05

Health: -5/41      AC:  6    Str: 22    XL:     4   Next: 71%
Magic:  3/3        EV: 10    Int:  4    God:    Ru [......]
Gold:   172        SH:  0    Dex: 12    Spells: 3/3 levels left

rFire    . . .     SeeInvis .   a - +0 flail
rCold    . . .     Gourm    +   (no shield)
rNeg     . . .     Faith    .   b - +0 robe
rPois    .         Spirit   .   c - +0 hat
rElec    .         Reflect  .   t - +0 cloak
rCorr    .         Harm     .   (gloves unavailable)
MR       .....                  (boots unavailable)
Stlth    +.........             (no amulet)
HPRegen  0.53/turn              (no ring)
MPRegen  0.08/turn              (no ring)

@: lethally poisoned (-5 -> -6), very slow
A: large, unfitting armour, claws 3, fast metabolism 3, gourmand, regeneration
1, shaggy fur 1, tough skin 2
a: Renounce Religion


You were in a sewer.
You worshipped Ru.
Ru was noncommittal.
You were completely stuffed.

You visited 1 branch of the dungeon, and saw 3 of its levels.
You also visited: Sewer.

You collected 172 gold pieces.

Inventory:

Hand Weapons
 a - a +0 flail (weapon)
Missiles
 d - 3 throwing nets
 g - 232 stones (quivered)
 v - 7 tomahawks
 w - 4 large rocks
Armour
 b - a +0 robe (worn)
 c - a +0 hat (worn)
 t - a +0 cloak (worn)
Wands
 x - a wand of polymorph (11)
Scrolls
 e - a scroll of blinking {unknown}
 h - 2 scrolls of teleportation {unknown}
 k - a scroll of random uselessness {unknown}
 l - a scroll of enchant armour {unknown}
 o - 2 scrolls of fog {unknown}
 p - a scroll of fear {unknown}
 q - 3 scrolls of identify
 u - a scroll of magic mapping {unknown}
Potions
 i - a potion of cancellation {unknown}
 j - a potion of haste {unknown}
 m - 2 potions of curing
 n - a potion of invisibility {unknown}
Comestibles
 f - 6 rations
 r - 4 chunks of flesh


   Skills:
 - Level 1.5 Fighting
 + Level 5.0 Maces & Flails
 - Level 1.7 Throwing
 - Level 2.4 Dodging


You had 3 spell levels left.
You didn't know any spells.
Your spell library was empty.

Dungeon Overview and Level Annotations

Branches:
Dungeon (3/15)

Altars:
Ru

Annotations:
Sewer Purgy


Innate Abilities, Weirdness & Mutations

You are too large for most types of armour.
You have claws for hands.
Your metabolism is lightning-fast.
You like to eat raw meat.
Your natural rate of healing is unusually fast.
You are covered in fur. (AC +1)
You have very tough skin. (AC +2)


Message History

You miss Purgy.
Purgy is almost dead.
Purgy stings you but does no damage. Purgy stings you!
* * * LOW HITPOINT WARNING * * *
Purgy stings you but does no damage.
You miss Purgy.
Purgy is severely wounded.
Purgy closely misses you. Purgy misses you.
You barely miss Purgy.
Purgy is severely wounded.
Purgy barely misses you. Purgy stings you.
* * * LOW HITPOINT WARNING * * *
You are poisoned.
Purgy poisons you!
You miss Purgy.
Purgy is severely wounded.
You feel sick. Purgy stings you.
* * * LOW HITPOINT WARNING * * *
Purgy stings you!
You die...

≈≈≈##
####.≈≈≈≈≈≈≈≈≈≈≈≈≈
≈≈##
##.≈.≈≈≈≈≈≈≈≈≈≈
#.# #.##≈≈≈≈≈≈≈≈≈≈
### ####.≈≈≈≈≈≈≈≈#
# ##≈≈≈≈≈≈≈≈≈ #
#..≈≈≈≈≈≈≈
##≈≈≈≈≈≈≈#
#≈≈≈≈≈≈≈≈#
#@≈≈≈≈≈≈≈≈
....≈.y≈≈≈≈≈≈≈≈#
#######≈≈≈≈≈≈≈≈#
.≈≈≈≈≈≈≈≈#
#≈≈≈≈≈≈≈≈≈
#≈≈≈≈≈≈≈≈≈
.≈≈≈≈≈≈≈≈
≈≈≈≈≈≈≈≈#


You could see Purgy the killer bee.

Vanquished Creatures
  Terence (D:2)
  3 adders (D:2)
  5 dart slugs (D:1)
  2 leopard geckos
  3 bats
  4 giant cockroaches
  6 goblins
  8 hobgoblins
  5 jackals
  2 ball pythons
  5 frilled lizards
  4 kobolds
  8 rats
56 creatures vanquished.

Notes
Turn   | Place    | Note
-------+----------+-------------------------------------------
     0 | D:1      | CyclopB the Troll Gladiator began the quest for the Orb.
     0 | D:1      | Reached XP level 1. HP: 19/19 MP: 0/0
   138 | D:1      | Reached skill level 3 in Maces & Flails
   203 | D:1      | Reached XP level 2. HP: 27/27 MP: 1/1
   398 | D:1      | Reached XP level 3. HP: 33/33 MP: 2/2
   608 | D:1      | Reached skill level 4 in Maces & Flails
   975 | D:2      | Noticed Terence
   993 | D:2      | Killed Terence
  1292 | D:2      | Reached XP level 4. HP: 32/41 MP: 3/3
  1410 | D:2      | Found a sacrificial altar of Ru.
  1420 | D:2      | Became a worshipper of Ru the Awakened
  2172 | D:3      | Found a glowing drain.
  2180 | D:3      | Reached skill level 5 in Maces & Flails
  2226 | Sewer    | Entered a sewer
  2263 | Sewer    | Noticed Purgy
  2264 | Sewer    | Noticed Purgy
  2264 | Sewer    | Purgy changed into Purgy the killer bee
  2279 | Sewer    | HP: 2/41 [Purgy the killer bee (6)]
  2279 | Sewer    | Slain by Purgy the killer bee

Skill      XL: |  1  2  3  4 |
---------------+-------------+-----
Maces & Flails | 3 4 5 |  5.0
Fighting       | |  1.5
Throwing       | |  1.7
Dodging        | |  2.4

Action                   |  1- 3 |  4- 6 || total
-------------------------+-------+-------++-------
Melee: Flail             |    94 |    76 ||   170
Throw: Stone             |     9 |    12 ||    21
Evoke: Wand              |       |     1 ||     1
  Use: Scroll            |       |     1 ||     1
       Potion            |       |     1 ||     1
 Stab: Sleeping          |     2 |       ||     2
  Eat: Chunk             |    17 |    10 ||    27
Armor: Robe              |    26 |    36 ||    62
Dodge: Dodged            |    47 |    61 ||   108
